 Dungeon Crawl Stone Soup version 0.29.1-12-g30fa7ad0bf (webtiles) character file.

Game seed: 8387577584968943553

19012 concernfroge the Adept (level 12, -5/95 HPs)
             Began as a Demonspawn Necromancer on Jan 7, 2023.
             Was a Believer of Sif Muna.
             Killed by mirror damage (18 damage)
             ... on level 9 of the Dungeon.
             The game lasted 01:14:00 (15042 turns).

concernfroge the Adept (Demonspawn Necromancer)    Turns: 15042, Time: 01:14:01

Health: -5/95      AC: 14    Str:  9    XL:     12   Next: 32%
Magic:  11/22      EV: 12    Int: 21    God:    Sif Muna [**....]
Gold:   746        SH:  0    Dex: 14    Spells: 16/25 levels left

rFire   . . .      SeeInvis .   a - +5 flail (protect)
rCold   + . .      Faith    .   (no shield)
rNeg    . . .      Spirit   .   z - +2 robe "Nailys" {Archmagi}
rPois   .          Reflect  .   I - +2 hat {Stlth+}
rElec   .          Harm     .   q - +2 cloak
rCorr   +          Rampage  .   (gloves unavailable)
Will    .....      Archmagi +   C - +0 pair of boots
Stlth   +++.......              s - amulet of magic regeneration
HPRegen 0.25/turn               v - ring of protection from cold
MPRegen 0.58/turn               (no ring)

@: very slightly contaminated
A: claws 3, yellow scales 3, demonic guardian 2, foul stench 1
a: Renounce Religion, Channel Magic


You were on level 9 of the Dungeon.
You worshipped Sif Muna.
Sif Muna was pleased with you.
You visited 3 branches of the dungeon, and saw 14 of its levels.

You collected 746 gold pieces.

Inventory:

Hand Weapons
 a - a +5 flail of protection (weapon)
 y - a +3 spear of freezing
Missiles
 j - 17 poisoned darts
 p - 11 boomerangs
 F - 6 atropa-tipped darts (quivered)
 H - 3 curare-tipped darts
Armour
 q - a +2 cloak (worn)
 z - the +2 robe "Nailys" (worn) {Archmagi}
   (You found it on level 5 of the Dungeon)

   Archmagi:  It increases the power of your magical spells.
 C - a +0 pair of boots (worn)
 I - a +2 hat of stealth (worn)
Magical Staves
 b - a staff of poison
Jewellery
 s - an amulet of magic regeneration (around neck)
 v - a ring of protection from cold (left claw)
 D - a ring of positive energy
 J - an amulet of the acrobat
Scrolls
 d - 4 scrolls of vulnerability
 f - 2 scrolls of brand weapon
 g - a scroll of silence
 i - 4 scrolls of blinking
 u - a scroll of enchant weapon
 x - 3 scrolls of teleportation
 A - a scroll of enchant armour
 G - a scroll of immolation
Potions
 c - a potion of degeneration {unknown}
 e - 3 potions of haste
 h - 4 potions of heal wounds
 k - a potion of ambrosia {unknown}
 l - 4 potions of might
 m - 2 potions of magic
 n - 3 potions of lignification
 o - a potion of invisibility {unknown}
 r - 2 potions of flight
 t - a potion of resistance {unknown}
 w - 2 potions of mutation
 B - 5 potions of curing
 E - a potion of berserk rage
 K - a potion of cancellation {unknown}


   Skills:
 + Level 9.3 Fighting
 - Level 1.7 Dodging
 - Level 1.7 Stealth
 - Level 7.0 Spellcasting
 - Level 10.0 Conjurations
 - Level 6.0 Necromancy
 - Level 10.0 Transmutations
 - Level 10.0 Invocations


You had 16 spell levels left.
You knew the following spells:

 Your Spells              Type           Power      Damage    Failure   Level
a - Necrotise             Necr           100%       1d9       1%          1
b - Irradiate             Conj/Tmut      32%        3d22      4%          5
c - Vampiric Draining     Necr           48%        2d9       2%          3

Your spell library contained the following spells:

 Spells                   Type           Power      Damage    Failure   Level
 Beastly Appendage        Tmut           100%       N/A       1%          1
 Wereblood                Tmut           65%        N/A       1%          2
 Spider Form              Tmut/Pois      42%        N/A       3%          3
 Blade Hands              Tmut           32%        N/A       4%          5
 Animate Dead             Necr           48%        N/A       8%          4
 Petrify                  Tmut/Erth      42%        N/A       11%         4
 Agony                    Necr           48%        N/A       21%         5
 Ozocubu's Armour         Ice            11%        N/A       26%         3
 Dragon Form              Tmut           32%        N/A       77%         7
 Statue Form              Tmut/Erth      28%        N/A       86%         6
 Metabolic Englaciation   Hex/Ice        5%         N/A       94%         5
 Simulacrum               Ice/Necr       14%        N/A       98%         6
 Dispersal                Tloc           5%         N/A       100%        6
 Disjunction              Tloc           5%         N/A       100%        8


Dungeon Overview and Level Annotations

Branches:
Dungeon (10/15)            Temple (1/1) D:5            Lair (3/5) D:9
    Orc (0/2) D:9
  Swamp: Lair:2-3    Shoals: Lair:2-3     Snake: Lair:2-3    Spider: Lair:2-3

Altars:
Ashenzari
Cheibriados
Dithmenos
Fedhas
Gozag
Hepliaklqana
Kikubaaqudgha
Makhleb
Nemelex Xobeh
Okawaru
Qazlal
Ru
Sif Muna
Trog
Uskayaw
Vehumet
Wu Jian
Xom
Yredelemnul

Shops:
D:4 *[=

Portals:
Abyss: Lair:1

Annotations:
D:6 exclusion: hornet
D:10 Urug
Lair:1 2 transporters, TheSexyCheese's ghost, journeyman HOFi
Lair:2 exclusion: electric eel


Innate Abilities, Weirdness & Mutations

You have claws for hands.
You are completely covered in yellow scales. (AC +4, rCorr)
A demonic guardian rushes to your aid.
You may rarely emit foul miasma when damaged in melee.


Message History

Flame seeps out of the death knight.
The death knight offers itself to Yredelemnul, and fills with unholy energy.
Casting: Necrotise (safe; 1% risk of failure)
Confirm with . or Enter, or press ? or * to list all spells.
Aiming: Necrotise (safe; 1% risk of failure)
Press: ? - help, Shift-Dir - straight line, f/p - death knight
Aim: a death knight, wielding a +4 battleaxe of electrocution and wearing a +0 chain mail (flame, lightly wounded, inner flame, reflecting injuries, chance to affect: 35%)
You feel a surge of power!
The death knight writhes in agony.
Flame seeps out of the death knight.
The death knight reflects your damage back at you!
The death knight is engulfed in blazing flames.
Flame seeps out of the death knight.
The death knight reflects your damage back at you!
Casting: Necrotise (safe; 1% risk of failure)
Confirm with . or Enter, or press ? or * to list all spells.
You feel a surge of power!
You erupt in a fountain of uncontrolled magic!
The death knight is blasted with magical radiation!!
Flame seeps out of the death knight.
The death knight is heavily wounded.
The death knight twists and deforms.
You are very lightly contaminated with residual magic.
The death knight reflects your damage back at you!
The death knight is engulfed in blazing flames.
Flame seeps out of the death knight.
The death knight hits you with a +4 battleaxe of electrocution!
A demonic guardian appears!
You are electrocuted!
The death knight reflects your damage back at you!
Casting: Irradiate (dangerous; 4% risk of failure)
Confirm with . or Enter, or press ? or * to list all spells.
You feel a surge of power!
You erupt in a fountain of uncontrolled magic!
The death knight is blasted with magical radiation!!
Sif Muna accepts your kill.
The death knight explodes!
The fiery explosion engulfs you!!
* * * LOW HITPOINT WARNING * * *
Your demonic guardian avoids your attack.
Your damage is reflected back at you!
You die...

#.....#.....#.. #)###.#.....#..
#.# #.#.._..#.# #.# #.#.....#.#
#.###.#.....#.# #.##..#######..
#.#....[.......
###################.#.###<.####..
..............>.@○4...(.........#
>........).......§§.......#####..
..............[...........# #.#
..........................# #.#
..........................# #.#
..........................# #.#
..........................#####.#
..##.#####.########..............
.....### #.# #.######.#####>


You could see a friendly rust devil (summoned).

Vanquished Creatures
  Gastronok (D:10)
  A boulder beetle (D:9)
  2 centaur warriors (D:9)
  A two-headed ogre (D:10)
  A death knight (D:9)
  Nergalle (D:10)
  Pikel (D:7)
  A manticore (D:9)
  5 cane toads
  3 komodo dragons
  3 kobold demonologists
  3 trolls
  A polar bear (Lair:1)
  11 blink frogs
  A wraith (D:10)
  15 yaks
  2 basilisks (Lair:1)
  3 wyverns
  A steam dragon (D:8)
  2 vampire mosquitoes
  An acid dragon (D:10)
  2 water moccasins
  A black bear (D:4)
  4 sky beasts
  4 orc warriors
  2 ogres
  6 wolves (Lair:1)
  4 centaurs
  A phantom (D:6)
  10 bullfrogs
  A kobold brigand (D:8)
  A gnoll sergeant (D:8)
  A necrophage (D:4)
  2 scorpions
  4 wights
  7 killer bees
  A hound (D:5)
  A gnoll bouda (D:6)
  11 orc priests
  2 jellies
  3 iguanas
  11 orc wizards
  12 gnolls
  7 adders
  6 worms
  4 dart slugs
  42 orcs
  7 ball pythons
  5 endoplasms
  6 giant cockroaches
  4 hobgoblins
  2 jackals (D:1)
  4 quokkas
  4 bats
  4 frilled lizards
  11 goblins
  10 kobolds
  5 rats
272 creatures vanquished.

Vanquished Creatures (collateral kills)
  A yak (Lair:1)
  A wight (D:7)
  An endoplasm (D:4)
  A bat (D:3)
4 creatures vanquished.

Vanquished Creatures (others)
  12 fungi
  12 plants
24 creatures vanquished.

Grand Total: 300 creatures vanquished

Notes
Turn   | Place    | Note
-------+----------+-------------------------------------------
     0 | D:1      | concernfroge the Demonspawn Necromancer began the quest for
                  | the Orb.
     0 | D:1      | Reached XP level 1. HP: 13/13 MP: 3/3
   202 | D:1      | Found a faded altar of an unknown god.
   367 | D:1      | Gained mutation: You may rarely emit foul miasma when
                  | damaged in melee. [demonic ancestry]
   367 | D:1      | Reached XP level 2. HP: 19/19 MP: 0/5
  1023 | D:2      | Reached skill level 5 in Necromancy
  1023 | D:2      | Gained mutation: A weak demonic guardian rushes to your
                  | aid. [demonic ancestry]
  1023 | D:2      | Reached XP level 3. HP: 21/24 MP: 4/7
  2238 | D:3      | Reached XP level 4. HP: 30/30 MP: 4/8
  2867 | D:3      | Gained mutation: You have sharp fingernails. [demonic
                  | ancestry]
  2867 | D:3      | Reached XP level 5. HP: 35/35 MP: 8/10
  2873 | D:3      | Learned a level 5 spell: Irradiate
  2939 | D:3      | Learned a level 3 spell: Vampiric Draining
  3243 | D:3      | Identified the +0 leather armour of the Spheres {Int+2}
  3664 | D:4      | Found Gaig's Armour Boutique.
  3681 | D:4      | Found an ornate altar of the Wu Jian Council.
  3773 | D:4      | Noticed a black bear
  3781 | D:4      | Killed a black bear
  3782 | D:4      | Reached skill level 1 in Conjurations
  3782 | D:4      | Reached skill level 1 in Transmutations
  3782 | D:4      | Gained mutation: You have very sharp fingernails. [demonic
                  | ancestry]
  3782 | D:4      | Reached XP level 6. HP: 41/41 MP: 9/12
  3817 | D:4      | Found Afrisioff's General Store.
  3855 | D:4      | Noticed a sky beast
  3936 | D:4      | Found Meytam's Jewellery Shoppe.
  4058 | D:4      | Killed a sky beast
  4138 | D:4      | Found Fimnucip's General Store.
  4187 | D:4      | Gained mutation: You are partially covered in yellow
                  | scales. (AC +2) [demonic ancestry]
  4187 | D:4      | Reached XP level 7. HP: 14/46 MP: 7/14
  4600 | D:4      | Found a hazy altar of Hepliaklqana.
  4771 | D:5      | Entered Level 5 of the Dungeon
  4802 | D:5      | Found a staircase to the Ecumenical Temple.
  4810 | Temple   | Entered the Ecumenical Temple
  5109 | Temple   | Became a worshipper of Sif Muna the Loreminder
  5289 | D:5      | Identified the +2 robe "Nailys" {Archmagi}
  5337 | D:5      | Reached skill level 1 in Invocations
  5368 | D:5      | Reached skill level 5 in Spellcasting
  5603 | D:5      | Found an opulent altar of Gozag.
  5875 | D:6      | Gained mutation: You have claws for hands. [demonic
                  | ancestry]
  5875 | D:6      | Reached XP level 8. HP: 50/52 MP: 8/15
  5945 | D:6      | Noticed a troll
  5954 | D:6      | Killed a troll
  6028 | D:6      | Reached skill level 5 in Conjurations
  6188 | D:6      | Reached skill level 5 in Invocations
  6341 | D:6      | Reached skill level 5 in Transmutations
  6478 | D:6      | Noticed a hornet
  6607 | D:5      | Reached * piety under Sif Muna
  7173 | D:6      | Gained mutation: You are mostly covered in yellow scales.
                  | (AC +3) [demonic ancestry]
  7173 | D:6      | Reached XP level 9. HP: 57/57 MP: 10/16
  8467 | D:8      | Noticed Pikel
  8476 | D:7      | Killed Pikel
  9135 | D:8      | Reached ** piety under Sif Muna
  9234 | D:9      | Found a snail-covered altar of Cheibriados.
  9539 | D:9      | Found a staircase to the Orcish Mines.
  9540 | D:9      | Found a shimmering altar of Xom.
  9559 | D:9      | Noticed a troll
  9574 | D:9      | Noticed a centaur warrior
  9581 | D:9      | Killed a troll
  9583 | D:10     | Entered Level 10 of the Dungeon
  9587 | D:9      | Noticed a boulder beetle
  9591 | D:9      | Noticed a death knight
  9614 | D:9      | Killed a centaur warrior
  9615 | D:9      | Reached XP level 10. HP: 32/63 MP: 3/17
 10111 | D:9      | Killed a boulder beetle
 10133 | D:9      | Reached skill level 10 in Invocations
 10510 | D:9      | Noticed a manticore
 10556 | D:9      | Noticed a centaur warrior
 10600 | D:9      | Noticed a purple ugly thing
 10718 | D:9      | Noticed a red ugly thing
 11238 | D:9      | Found a staircase to the Lair.
 11319 | D:9      | Noticed a centaur warrior
 11330 | D:9      | Noticed a soul eater
 11331 | D:9      | Killed a centaur warrior
 11492 | D:9      | Killed a manticore
 11493 | D:9      | Gained mutation: You are completely covered in yellow
                  | scales. (AC +4, rCorr) [demonic ancestry]
 11493 | D:9      | Reached XP level 11. HP: 65/68 MP: 1/20
 12074 | D:10     | Noticed Nergalle
 12080 | D:10     | Killed Nergalle
 12585 | D:10     | Noticed Urug
 12711 | D:10     | Noticed a two-headed ogre
 12714 | D:10     | Noticed Gastronok
 12722 | D:10     | Killed a two-headed ogre
 12736 | D:10     | Killed Gastronok
 12737 | D:10     | Reached skill level 10 in Conjurations
 12737 | D:10     | Reached skill level 10 in Transmutations
 12915 | D:10     | Reached skill level 1 in Fighting
 13133 | Lair:1   | Entered Level 1 of the Lair of Beasts
 13415 | Lair:1   | Reached skill level 5 in Fighting
 13480 | Lair:1   | Found a transporter.
 13483 | Lair:1   | Found a one-way gate to the infinite horrors of the Abyss.
 13483 | Lair:1   | Noticed TheSexyCheese's ghost (journeyman HOFi)
 13520 | Lair:1   | Noticed a red ugly thing
 13521 | Lair:1   | Noticed a spriggan rider
 13538 | Lair:1   | Found a transporter.
 13569 | Lair:1   | Noticed a hell hog
 13733 | Lair:1   | Reached *** piety under Sif Muna
 13757 | Lair:1   | Gained mutation: A demonic guardian rushes to your aid.
                  | [demonic ancestry]
 13757 | Lair:1   | Reached XP level 12. HP: 75/89 MP: 11/22
 15042 | D:9      | Killed a death knight
 15042 | D:9      | Killed by mirror damage

Illustrated notes

Levels and vault maps discovered:
D:1:      dpeg_arrival_signposts, layout_basic, nicolae_ecumenical_lake_church
D:2:      layout_basic
D:3:      minmay_diamond_boxcup, layout_basic, minmay_surrounded
D:4:      layout_loops_corners, mainiacjoe_overflow_six_doors_small,
          kennysheep_little_box, serial_shops, nicolae_shop_statue_plus, shop,
          nicolae_shop_trees, shop, grunt_ministairs_9, corexii_hall_statues_u,
          kennysheep_big_empty_room, hangedman_decor_lopped, minmay_between
D:5:      layout_loops_ring, grunt_gozag_statues,
          minmay_temple_entry_statues_pillars
D:6:      layout_loops_ring
D:7:      layout_basic, nicolae_ossuary_entry_ruins
D:8:      layout_cave_pods, uniq_pikel
D:9:      layout_small_grid, amcnicky_altar_gilded,
          mainiacjoe_overflow_concentric_impassable,
          grunt_lair_entry_orc_guard_hut, minivault_28
D:10:     layout_irregular_city, uniq_urug, uniq_nergalle, uniq_gastronok
Temple:   minmay_temple_bridge_d
Lair:1:   layout_cellular_growth, gammafunk_ghost_abyssal_escape
Lair:2:   layout_loops_ring, minmay_swamp_entry_eels,
          hangedman_lair_unloving_vines
Lair:3:   layout_chaotic_city, guppyfry_snake_entry_garden

Skill      XL: |  1  2  3  4  5  6  7  8  9 10 11 12 |
---------------+-------------------------------------+-----
Necromancy     | 5 6 |  6.0
Spellcasting   | 3 4 5 6 7 |  7.0
Conjurations   | 1 3 4 5 7 9 10 | 10.0
Transmutations | 1 2 3 5 7 9 10 | 10.0
Invocations    | 3 5 9 10 | 10.0
Fighting       | 6 9 |  9.3
Dodging        | |  1.7
Stealth        | |  1.7

Action                   |  1- 3 |  4- 6 |  7- 9 | 10-12 || total
-------------------------+-------+-------+-------+-------++-------
Melee: Unarmed           |     3 |       |       |       ||     3
       Spear             |     9 |     7 |       |       ||    16
       Flail             |       |    11 |    76 |    24 ||   111
Throw: Dart              |       |       |     8 |     4 ||    12
 Cast: Necrotise         |    76 |    95 |    91 |    63 ||   325
       Vampiric Draining |       |     9 |    95 |   148 ||   252
       Irradiate         |       |       |       |    39 ||    39
Invok: Channel Magic     |       |       |       |     9 ||     9
Evoke: Wand              |       |     6 |     4 |       ||    10
  Use: Scroll            |       |    10 |     8 |     6 ||    24
       Potion            |       |       |       |     3 ||     3
 Stab: Sleeping          |       |       |     2 |       ||     2
Armor: Robe              |     3 |     8 |   120 |   114 ||   245
       Leather armour    |       |    10 |     1 |       ||    11
       Skin              |       |       |       |    10 ||    10
Dodge: Dodged            |    11 |    15 |   150 |   180 ||   356
